cohdb
Replays
Latest Replays
All Replays
Popular Replays
Top Player Replays
Match Explorer
How It Works
Community
CoH3 Stats
Reddit
Sign in to upload your games and track your stats! →
Sign in with Steam
Match 43021564
Unlisted
Match 43021564
Overview
Messages
Build Orders
End
Construct Infanterie Kompanie
Kettenkrad Recon Vehicle
MG 42 Machine Gun Team
Grenadier Squad
Grenadier Squad
Construct Luftwaffe Kompanie
221 Scout Car
Medical Station
Jäger Squad
Pioneer Squad
Selects Mechanized Battlegroup
Selects Raid Package
Jäger Squad
Construct Panzer Kompanie
Selects 8 Rad Armored Car
Selects UNKNOWN (2160084)
Panther Heavy Tank
Panther Heavy Tank
Selects Spotting Scopes
MG 42 Bunker
Selects Wespe Self-propelled Artillery
Panther Heavy Tank
Nietzsche
RhumsteaK
King Raptor
DanGer_
Tekkaz
Onne
Snarf
Kag_Warduff
0
0
Comments
sign in to comment!
No comments posted yet!